 Dungeon Crawl Stone Soup version 0.27.0-1-g7a089689b8 (webtiles) character file.

Game seed: 16696547384765594070

1147 inmateoo the Chopper (level 8, -2/70 HPs)
             Began as a Minotaur Fighter on Aug 8, 2021.
             Slain by a steam dragon (3 damage)
             ... on level 5 of the Dungeon.
             The game lasted 00:04:53 (4726 turns).

inmateoo the Chopper (Minotaur Fighter)             Turns: 4726, Time: 00:04:53

Health: -2/70      AC: 12    Str: 23    XL:     8   Next: 15%
Magic:  7/7        EV:  6    Int:  5    God:
Gold:   110        SH: 10    Dex: 10    Spells: 7/7 levels left

rFire    . . .     SeeInvis .   a - +1 war axe
rCold    . . .     Faith    .   c - +0 kite shield
rNeg     . . .     Spirit   .   p - +0 plate armour
rPois    .         Reflect  .   (helmet restricted)
rElec    .         Harm     .   (no cloak)
rCorr    .         Rampage  .   (no gloves)
Will     .....                  (no boots)
Stlth    ..........             (no amulet)
HPRegen  0.21/turn              (no ring)
MPRegen  0.10/turn              (no ring)

@: no status effects
A: horns 2, retaliatory headbutt
a: no special abilities


You were on level 5 of the Dungeon.
You visited 2 branches of the dungeon, and saw 6 of its levels.

You collected 110 gold pieces.

Inventory:

Hand Weapons
 a - a +1 war axe (weapon)
Missiles
 n - 3 throwing nets (quivered)
Armour
 c - a +0 kite shield (worn)
 o - a +0 cloak
 p - a +0 plate armour (worn)
Wands
 l - a wand of acid (10)
 m - a wand of flame (18)
Scrolls
 b - a scroll of noise {unknown}
 h - 2 scrolls of identify
 i - a scroll of fear
 j - a scroll of teleportation
 k - 2 scrolls of enchant weapon
Potions
 d - 4 potions of might
 e - 2 potions of curing
 f - 2 potions of lignification
 g - 2 potions of heal wounds


   Skills:
 + Level 6.0 Fighting
 * Level 7.2 Axes
 + Level 5.8 Armour
 + Level 3.9 Dodging
 + Level 6.0 Shields


You had 7 spell levels left.
You didn't know any spells.
Your spell library contained the following spells:

 Spells                   Type           Power      Damage    Failure   Level
 Dazzling Flash           Conj/Hex       0%         N/A       100%        3
 Iskenderun's Mystic Bla  Conj/Tloc      0%         2d3       100%        4
 Petrify                  Tmut/Erth      0%         N/A       100%        4
 Metabolic Englaciation   Hex/Ice        0%         N/A       100%        5
 Starburst                Conj/Fire      0%         8x6d3     100%        6
 Statue Form              Tmut/Erth      0%         N/A       100%        6


Dungeon Overview and Level Annotations

Branches:
Dungeon (5/15)             Temple (1/1) D:4

Altars:
Cheibriados
Fedhas
Hepliaklqana
Kikubaaqudgha
Nemelex Xobeh
Okawaru
Trog
Xom
Yredelemnul
Zin

Annotations:
D:5 1 runed translucent door, EnegeticOcto's ghost, novice MiFi


Innate Abilities, Weirdness & Mutations

You have a pair of horns on your head.
You reflexively headbutt those who attack you in melee.


Message History

The steam dragon is lightly wounded.
You block the steam dragon's attack. The steam dragon barely misses you.
You block the steam dragon's attack. The steam dragon claws you.
You closely miss the steam dragon. Your headbutt misses the steam dragon.
The steam dragon is lightly wounded.
The steam dragon bites you. You block the steam dragon's attack.
You barely miss the steam dragon.
The steam dragon is lightly wounded.
The steam dragon bites you but does no damage.
The steam dragon claws you but does no damage.
The steam dragon barely misses you. You furiously retaliate!
You headbutt the steam dragon! The steam dragon claws you.
* * * LOW HITPOINT WARNING * * *
You hit the steam dragon.
The steam dragon is heavily wounded.
The steam dragon bites you but does no damage.
The steam dragon claws you but does no damage.
You hit the steam dragon.
The steam dragon is severely wounded.
The steam dragon bites you.
* * * LOW HITPOINT WARNING * * *
The steam dragon barely misses you.
You hit the steam dragon. Your headbutt misses the steam dragon.
The steam dragon is almost dead.
The steam dragon bites you but does no damage.
The steam dragon claws you but does no damage.
The steam dragon breathes steam at you. The ball of steam hits you!
* * * LOW HITPOINT WARNING * * *
The steam dragon bites you but does no damage.
The steam dragon claws you.
* * * LOW HITPOINT WARNING * * *
You barely miss the steam dragon.
The steam dragon is almost dead.
You block the steam dragon's attack. The steam dragon claws you.
* * * LOW HITPOINT WARNING * * *
Your shield prevents you from hitting the steam dragon.
The steam dragon is almost dead.
You block the steam dragon's attack. The steam dragon claws you.
You die...

...................<..
.......................
.>[...................
..##.................. .
.....#...#............ ..
##...##.###..#...........
###.....##...#....###(...
........#...........>....
..##.#..........@.§§..§§.
...#######.#....D§§.§§...
#..## ##....)§?§§.#.#
##..## ###....#...§###
.##..####......####.#
..##..#........## ...
..W+..........§........
$.##.#.#............(..
.##....####.............


You could see a steam dragon.

Vanquished Creatures
  Menkaure (D:4)
  A black bear (D:5)
  An ogre (D:4)
  A phantom (D:4)
  2 howler monkeys (D:4)
  A gnoll shaman (D:4)
  2 hounds (D:4)
  A jelly (D:5)
  Ijyb (D:3)
  3 iguanas
  2 orc wizards (D:4)
  Robin (D:3)
  18 gnolls (D:4)
  7 adders
  An adder zombie (D:5)
  A worm (D:2)
  2 dart slugs (D:1)
  30 orcs
  7 endoplasms
  3 giant cockroaches
  6 hobgoblins
  20 jackals
  7 kobolds
  A quokka (D:4)
  6 ball pythons
  5 bats
  3 frilled lizards
  9 goblins
  6 rats
149 creatures vanquished.

Vanquished Creatures (others)
  An orc (D:5)
  A plant (D:4)
2 creatures vanquished.

Grand Total: 151 creatures vanquished

Notes
Turn   | Place    | Note
-------+----------+-------------------------------------------
     0 | D:1      | inmateoo the Minotaur Fighter began the quest for the Orb.
     0 | D:1      | Reached XP level 1. HP: 19/19 MP: 0/0
   186 | D:1      | Reached XP level 2. HP: 25/27 MP: 1/1
   271 | D:1      | Reached skill level 3 in Axes
   396 | D:1      | Reached XP level 3. HP: 33/33 MP: 2/2
   639 | D:2      | Reached skill level 1 in Dodging
  1086 | D:2      | Found a hazy altar of Hepliaklqana.
  1266 | D:2      | Found a faded altar of an unknown god.
  1457 | D:3      | Reached XP level 4. HP: 37/40 MP: 3/3
  1582 | D:3      | Noticed Ijyb
  1589 | D:3      | Killed Ijyb
  1590 | D:3      | Reached skill level 4 in Axes
  1937 | D:3      | Noticed Robin
  1943 | D:3      | Killed Robin
  1944 | D:3      | Reached XP level 5. HP: 39/47 MP: 4/4
  2697 | D:4      | Found a sparkling altar of Nemelex Xobeh.
  2746 | D:4      | Found a staircase to the Ecumenical Temple.
  2775 | Temple   | Entered the Ecumenical Temple
  2980 | D:4      | Reached skill level 5 in Axes
  2980 | D:4      | Reached XP level 6. HP: 53/53 MP: 5/5
  3069 | D:4      | Identified the ring "Zidirel" {Drain rC- EV+4 Int+8 SInv}
  3084 | D:4      | Reached skill level 5 in Fighting
  3084 | D:4      | Reached skill level 5 in Shields
  3285 | D:4      | Reached XP level 7. HP: 21/61 MP: 6/6
  3299 | D:4      | Reached skill level 5 in Armour
  3745 | D:4      | Reached skill level 6 in Axes
  4204 | D:4      | Noticed Menkaure
  4212 | D:4      | Killed Menkaure
  4213 | D:4      | Reached XP level 8. HP: 29/70 MP: 7/7
  4616 | D:5      | Entered Level 5 of the Dungeon
  4620 | D:5      | Reached skill level 7 in Axes
  4687 | D:5      | Noticed EnegeticOcto's ghost (novice MiFi)
  4688 | D:5      | Found a runed translucent door.
  4724 | D:5      | HP: 3/70 [steam dragon (2)]
  4725 | D:5      | HP: 1/70 [steam dragon (3)]
  4726 | D:5      | Slain by a steam dragon

Illustrated notes

Levels and vault maps discovered:
D:1:      heliophobic_arrival_henge, layout_basic
D:2:      layout_basic, basic_altar, ebering_ecumenical_altar_hall
D:3:      layout_loops_corners, uniq_robin, uniq_ijyb
D:4:      lemuel_castle_with_subvaults [lemuel_castle_interior_carwin_1],
          layout_basic, mainiacjoe_overflow_cross_hatched,
          minmay_temple_entry_poolview, uniq_menkaure
D:5:      layout_cave_pools, pdpol_wu_jian_five_deadly_venoms,
          lemuel_blue_sif_altar, hellmonk_ghost_happy_afterlife,
          mrwooster_statue_mirror, uniq_prince_ribbit1
Temple:   jpeg_temple_island

Skill      XL: |  1  2  3  4  5  6  7  8 |
---------------+-------------------------+-----
Axes           | 3 4 5 6 7 |  7.2
Shields        | 4 5 6 |  6.0
Dodging        | 1 2 3 |  3.9
Armour         | 4 5 |  5.8
Fighting       | 4 5 6 |  6.0

Action                   |  1- 3 |  4- 6 |  7- 9 || total
-------------------------+-------+-------+-------++-------
Melee: War axe           |   111 |   155 |   100 ||   366
       Headbutt          |    10 |    30 |    15 ||    55
  Use: Scroll            |     6 |     3 |       ||     9
Armor: Scale mail        |    56 |    64 |    19 ||   139
       Plate armour      |       |       |    14 ||    14
       Chain mail        |       |       |     5 ||     5
Dodge: Dodged            |    42 |    56 |    29 ||   127
Block: Kite shield       |    78 |    99 |    48 ||   225
